 Dungeon Crawl Stone Soup version 0.31-a0-848-gaac375c287 (webtiles) character file.

Game seed: 8053658672182017726

116 vineage the Trooper (level 5, 0/49 HPs)
             Began as a Gargoyle Gladiator on Oct 4, 2023.
             Slain by a gnoll
             ... wielding a +0 flail
              (6 damage)
             ... on level 3 of the Dungeon.
             The game lasted 00:02:38 (1974 turns).

vineage the Trooper (Gargoyle Gladiator)            Turns: 1974, Time: 00:02:40

Health: 0/49       AC: 22    Str: 19    XL:     5   Next: 1%
Magic:  5/5        EV: -1    Int:  9    God:
Gold:   90         SH:  0    Dex: 11    Spells: 4/4 levels left

rFire   . . .        a - +0 trident
rCold   . . .        (no shield)
rNeg    + . .        b - melded +0 leather armour
rPois   ∞            c - melded +0 helmet
rElec   .            (cloak currently unavailable)
rCorr   .            (gloves currently unavailable)
SInv    .            (boots currently unavailable)
Will    .....        (no amulet)
Stlth   +            (no ring)
HPRegen 0.28/turn    (no ring)
MPRegen 0.09/turn

%: no passive effects
@: tree-form, grasped by roots, constricted
A: stationary, stasis, torment immunity, boosted hp, sickness immunity, AC +4,
negative energy resistance 1, (electricity resistance), torment resistance 1,
petrification resistance
a: no special abilities


You were on level 3 of the Dungeon.
You were a tree.
You visited 1 branch of the dungeon, and saw 3 of its levels.

You collected 90 gold pieces.

Inventory:

Hand Weapons
 a - a +0 trident (weapon)
Missiles
 d - 3 throwing nets (quivered)
 e - 7 javelins
Armour
 b - a +0 leather armour (melded)
 c - a +0 helmet (melded)
Scrolls
 f - 6 scrolls of teleportation {unknown}
 g - 6 scrolls of identify {unknown}
 h - a scroll of amnesia {unknown}
 k - a scroll of revelation {unknown}
 m - 2 scrolls of enchant weapon {unknown}
 n - a scroll of noise {unknown}
Potions
 i - a potion of invisibility {unknown}


   Skills:
 + Level 3.6 Fighting
 + Level 3.5 Polearms
 + Level 2.9 Throwing
 - Level 2.4 Dodging


You had 4 spell levels left.
You didn't know any spells.
Your spell library contained the following spells:

 Spells                   Type           Power      Damage    Failure   Level
 Animate Dead             Necr           0%         N/A       99%         4
 Haunt                    Necr/Summ      0%         N/A       100%        7
 Infestation              Necr           0%         N/A       100%        8


Dungeon Overview and Level Annotations

Branches:
Dungeon (3/15)

Altars:


Innate Abilities, Weirdness & Mutations

You are a tree.
Your roots penetrate the ground, keeping you stationary.
You cannot be teleported.
You are immune to unholy pain and torment.
Your maximum health is greatly increased.
Your equipment is partially melded.
You are immune to sickness and miasma.
((Your stone body is resilient. (AC +4)))
You are immune to poison.
You resist negative energy. (rN+)
((You are resistant to electric shocks. (rElec)))
You are resistant to unholy torment.
You are immune to petrification.


Message History

The grasping roots constrict you.
You barely miss the gnoll.
The gnoll is lightly wounded.
The gnoll hits you with a +0 flail! The grasping roots constrict you.
The grasping roots release their grip on you.
You are too injured to fight recklessly!
You are too injured to fight recklessly!
You are too injured to fight recklessly!
You are too injured to fight recklessly!
You are too injured to fight recklessly!
You are too injured to fight recklessly!
You are too injured to fight recklessly!
You are too injured to fight recklessly!
You are too injured to fight recklessly!
You are too injured to fight recklessly!
You are too injured to fight recklessly!
You are too injured to fight recklessly!
You are too injured to fight recklessly!
You puncture the gnoll!
The gnoll is severely wounded.
The gnoll misses you. The gnoll hits you but does no damage.
You hit the gnoll but do no damage.
The gnoll is severely wounded.
The gnoll hits you but does no damage. x2
You barely miss the gnoll.
The gnoll is severely wounded.
The gnoll hits you from afar with a +0 halberd!
* * * LOW HITPOINT WARNING * * *
The gnoll zaps a wand.
The roots erupt in riotous growth!
The grasping roots grab you!
The gnoll is unaffected.
The grasping roots constrict you.
* * * LOW HITPOINT WARNING * * *
It was a potion of lignification.
You turn into a tree.
Your +0 helmet melds into your body.
Your +0 leather armour melds into your body.
Your roots penetrate the ground.
The gnoll hits you from afar with a +0 halberd.
* * * LOW HITPOINT WARNING * * *
The gnoll hits you with a +0 flail.
You die...

..... .# ...###
#.### ...#.. ....
..#.####.###
..#.#......# #
#.#.#.##.#.#. .# #
#.#<.......#. .# #
#.#####..###.#.#
####
#♣#............#
..$######
#g#.####.###...#
...##...# #g#
#..........#
...##...#### #g#
#.##.####..#
..[##......#####.#
#..........#
...##......#.....#
####.####.##
#####......#.....#
#.# #.#
#####............#
#.# #.#
..............####
#.# #.#


You could see 3 gnolls.

Vanquished Creatures
  Terence (D:3)
  Robin (D:2)
  2 adders
  An ufetubus (D:2)
  A worm (D:2)
  A dart slug (D:2)
  3 bats
  2 endoplasms
  3 giant cockroaches
  13 goblins
  3 hobgoblins (D:2)
  6 kobolds
  2 quokkas
  4 ball pythons
  3 frilled lizards
  3 rats
49 creatures vanquished.

Notes
Turn   | Place    | Note
-------+----------+-------------------------------------------
     0 | D:1      | vineage the Gargoyle Gladiator began the quest for the Orb.
     0 | D:1      | Reached XP level 1. HP: 12/12 MP: 1/1
   267 | D:1      | Reached XP level 2. HP: 18/18 MP: 2/2
   721 | D:2      | Reached XP level 3. HP: 14/22 MP: 3/3
   953 | D:2      | Noticed Robin
  1215 | D:2      | Reached XP level 4. HP: 22/28 MP: 4/4
  1220 | D:2      | Killed Robin
  1914 | D:3      | Noticed Terence
  1922 | D:3      | Killed Terence
  1923 | D:3      | Reached XP level 5. HP: 19/33 MP: 5/5
  1974 | D:3      | Slain by a gnoll

Illustrated notes

Levels and vault maps discovered:
D:1:      roderic_dead_forest, layout_basic
D:2:      layout_rooms, serial_bayou, serial_bayou_lagoon_b,
          serial_bayou_pond_c, serial_bayou_shore_a, serial_bayou_ford_a,
          uniq_robin
D:3:      layout_basic, overflow_temple_1_default, uniq_terence

Skill      XL: |  1  2  3 |
---------------+----------+-----
Throwing       | 2 |  2.9
Polearms       | 3 |  3.5
Fighting       | 3 |  3.6
Dodging        | |  2.4

Action                     |  1- 3 |  4- 6 || total
---------------------------+-------+-------++-------
  Melee: Trident           |   111 |    61 ||   172
         Punch             |     1 |       ||     1
    Use: Potion            |     1 |     2 ||     3
   Stab: Sleeping          |     1 |       ||     1
 Armour: Leather armour    |    81 |    44 ||   125
         Skin              |       |     2 ||     2
  Dodge: Dodged            |    81 |    33 ||   114

Table legend: (Time is in decaauts)
 A = Elapsed time spent in this place.
 B = Non-inter-level travel time spent in this place.
 C = Inter-level travel time spent in this place.
 D = Time resting spent in this place.
 E = Time spent auto-exploring this place.
 F = Levels seen in this place.
 G = Mean time per level.
                   A        B        C        D        E       F      G
               +--------+--------+--------+--------+--------+-----+--------+
         Total |   2042 |   1973 |     69 |    141 |   1414 |   3 |  680.7 |
       Dungeon |   2042 |   1973 |     69 |    141 |   1414 |   3 |  680.7 |
               +--------+--------+--------+--------+--------+-----+--------+

Top non-repeatable levels by time:
     D:1: 841 daAuts
     D:2: 832 daAuts
     D:3: 368 daAuts
